 Dungeon Crawl Stone Soup version 0.28-a0-984-g3775c662fe (webtiles) character file.

Game seed: 18108714033493921605

23 fragbeetle the Ruffian (level 2, 0/23 HPs)
             Began as a Draconian Transmuter on Dec 4, 2021.
             Slain by a gnoll (15 damage)
             ... on level 2 of the Dungeon.
             The game lasted 00:02:04 (867 turns).

fragbeetle the Ruffian (Draconian Transmuter)        Turns: 867, Time: 00:02:05

Health: 0/23       AC:  4    Str: 12    XL:     2   Next: 75%
Magic:  4/5        EV: 12    Int: 13    God:
Gold:   2          SH:  0    Dex: 11    Spells: 4/5 levels left

rFire   . . .      SeeInvis .     - Unarmed
rCold   . . .      Faith    .   (no shield)
rNeg    . . .      Spirit   .   (armour unavailable)
rPois   .          Reflect  .   (helmet currently unavailable)
rElec   .          Harm     .   (no cloak)
rCorr   .          Rampage  .   (no gloves)
Will    .....                   (boots currently unavailable)
Stlth   +.........              (no amulet)
HPRegen 0.07/turn               (no ring)
MPRegen 0.09/turn               (no ring)

@: appendages (expiring)
A: horns 2, talons 2, AC +4, unfitting armour, cold-blooded
a: End Transformation


You were on level 2 of the Dungeon.
You had temporarily grown beastly horns and talons.
You visited 1 branch of the dungeon, and saw 3 of its levels.

You collected 2 gold pieces.

Inventory:

Hand Weapons
 a - a +0 quarterstaff
Jewellery
 d - a ring of ice
Scrolls
 b - 3 scrolls of identify {unknown}
 e - a scroll of teleportation {unknown}
 f - a scroll of blinking {unknown}
 g - a scroll of vulnerability {unknown}
 h - a scroll of brand weapon {unknown}
Potions
 c - 2 potions of resistance {unknown}


   Skills:
 + Level 1.1 Fighting
 + Level 1.7 Dodging
 + Level 3.5 Unarmed Combat
 + Level 2.3 Spellcasting
 + Level 2.3 Transmutations


You had 4 spell levels left.
You knew the following spells:

 Your Spells              Type           Power      Damage    Failure   Level
a - Beastly Appendage     Tmut           14%        N/A       10%         1

Your spell library contained the following spells:

 Spells                   Type           Power      Damage    Failure   Level
 Wereblood                Tmut           7%         N/A       14%         2
 Spider Form              Tmut/Pois      4%         N/A       41%         3
 Ignite Poison            Fire/Tmut/Pois 3%         N/A       47%         3
 Conjure Flame            Conj/Fire      1%         6-21      58%         3
 Ice Form                 Ice/Tmut       4%         N/A       83%         4
 Sticky Flame             Conj/Fire      1%         2d3       94%         4


Dungeon Overview and Level Annotations

Branches:
Dungeon (3/15)

Altars:


Innate Abilities, Weirdness & Mutations

You have temporarily grown beastly horns and talons.
Your plain brown scales are hard. (AC +4)
You cannot fit into any form of body armour.
You are cold-blooded and may be slowed by cold attacks.


Message History

Found a scroll labelled RIBAGEMOMA.
Casting: Beastly Appendage (safe; 10% risk of failure)
Confirm with . or Enter, or press ? or * to list all spells.
You miscast Beastly Appendage.
You are very lightly contaminated with residual magic.
Nothing appears to happen.
The bat barely misses you.
You miss the bat.
Your tail-slap misses the bat.
The bat closely misses you.
Casting: Beastly Appendage (safe; 10% risk of failure)
Confirm with . or Enter, or press ? or * to list all spells.
You grow a pair of large bovine horns.
Your feet morph into talons.
The bat barely misses you.
You miss the bat. The bat barely misses you. The bat closely misses you.
You miss the bat. Your headbutt misses the bat. The bat barely misses you.
The bat misses you.
Your magical contamination has completely faded away.
You miss the bat. The bat hits you but does no damage.
You closely miss the bat. Your kick misses the bat. The bat misses you.
The bat hits you.
You hit the bat.
You kill the bat!
You see here a bat corpse.
Your transformation is almost over.
Found 11 gold pieces.
Found a stone staircase leading down.
b - 3 scrolls labelled RIBAGEMOMA (gained 1) 2 gnolls come into view.
Found a mace.
The gnoll shouts! x2; You hear a shout! x2
A goblin comes into view. It is wielding a +0 club.
A bat and 2 gnolls come into view.
Found 2 puce potions.
Found an escape hatch in the floor.
The gnoll shouts! x2
The goblin unwields a +0 club.
The goblin wields a +0 hunting sling.
The goblin shoots a stone.
The stone misses you.
The gnoll hits you from afar with a +0 halberd!
The bat closely misses you.
The goblin shoots a stone.
The stone closely misses you.
The gnoll hits you from afar with a +0 halberd!
Ouch! That really hurt!
You die...

#.# #.#.# #.# #.#.#
#.###########
#.#.###
#...........# #.....
#.#########.####.#.#
#.# #.†......### #.#
######.#...... #.#
####g#.##### #<#
#gg.@...# #...#
!.>..b.$...# ###.#
....gg.....# .#
...........# #
.........>...
....).........
##.#.##+##..... #.##
.....


You could see 4 gnolls, a goblin and a bat.

Vanquished Creatures
  4 ball pythons (D:1)
  2 bats
  2 giant cockroaches
  3 goblins (D:1)
  3 hobgoblins
  2 jackals (D:1)
  2 quokkas (D:1)
  A rat (D:1)
19 creatures vanquished.

Notes
Turn   | Place    | Note
-------+----------+-------------------------------------------
     0 | D:1      | fragbeetle the Draconian Transmuter began the quest for the
                  | Orb.
     0 | D:1      | Reached XP level 1. HP: 16/16 MP: 3/3
   264 | D:1      | Reached XP level 2. HP: 20/23 MP: 1/5
   867 | D:2      | Slain by a gnoll

Illustrated notes

Levels and vault maps discovered:
D:1:      wander_arrival_estate, layout_basic, serial_bayou_pond_a
D:2:      minmay_diamond_boxcup, layout_loops_ring,
          shapermc_ecumenical_altar_notcrosses, chequers_garden,
          dk_noncrumbling_2
D:3:      layout_basic, uniq_grinder

Action                   || total
-------------------------++-------
Melee: Unarmed           ||    54
       Kick              ||    14
       Headbutt          ||     4
       Tailslap          ||     4
 Cast: Beastly Appendage ||    15
Armor: Skin              ||    11
Dodge: Dodged            ||    41

Table legend: (Time is in decaauts)
 A = Elapsed time spent in this place.
 B = Non-inter-level travel time spent in this place.
 C = Inter-level travel time spent in this place.
 D = Time resting spent in this place.
 E = Time spent auto-exploring this place.
 F = Levels seen in this place.
 G = Mean time per level.
                   A        B        C        D        E       F      G
               +--------+--------+--------+--------+--------+-----+--------+
         Total |    865 |    865 |      0 |      0 |    602 |   3 |  288.3 |
       Dungeon |    865 |    865 |      0 |      0 |    602 |   3 |  288.3 |
               +--------+--------+--------+--------+--------+-----+--------+

Top non-repeatable levels by time:
     D:1: 776 daAuts
     D:2: 87 daAuts
     D:3: 1 daAuts
